 Dungeon Crawl Stone Soup version 0.22.0-6-g71bd7aa (webtiles) character file.

239 brik the Charmwright (level 6, 0/46 HPs)
             Began as a Barachi Skald on Aug 14, 2018.
             Succumbed to a scorpion's poison
             ... on level 4 of the Dungeon.
             The game lasted 00:09:17 (3545 turns).

brik the Charmwright (Barachi Skald)                Turns: 3545, Time: 00:09:18

Health: 0/46       AC:  7    Str: 13    XL:     6   Next: 7%
Magic:  18/18      EV: 12    Int: 14    God:
Gold:   116        SH:  0    Dex: 12    Spells: 1/9 levels left

rFire    . . .     SeeInvis .   a - +0 falchion
rCold    . . .     Gourm    .   (no shield)
rNeg     . . .     Faith    .   b - +0 leather armour
rPois    .         Spirit   .   g - +0 helmet (curse)
rElec    .         Reflect  .   p - +0 cloak
rCorr    .         Harm     .   o - +1 pair of gloves
MR       .....                  (no boots)
Stlth    +.........             (no amulet)
HPRegen  0.15/turn              q - ring of magical power
MPRegen  0.16/turn              (no ring)

@: lethally poisoned (0 -> -14), slow
A: +LOS, swims, slowness 1, strong legs 1
a: Hop


You were on level 4 of the Dungeon.
You were not hungry.

You visited 1 branch of the dungeon, and saw 3 of its levels.

You collected 116 gold pieces.

Inventory:

Hand Weapons
 a - a +0 falchion (weapon)
Armour
 b - a +0 leather armour (worn)
 g - a cursed +0 helmet (worn)
 o - a +1 pair of gloves (worn)
 p - a +0 cloak (worn)
Jewellery
 q - a ring of magical power (left hand)
Wands
 k - a wand of iceblast (10)
Scrolls
 c - 7 scrolls of identify {unknown}
 e - 3 scrolls of remove curse
 h - 3 scrolls of teleportation {unknown}
 j - a scroll of fear {unknown}
 l - a scroll of random uselessness {unknown}
 r - 3 scrolls of magic mapping {unknown}
Potions
 f - a potion of haste
 i - a potion of might {unknown}
 m - a potion of cancellation {unknown}
Comestibles
 d - 5 rations


   Skills:
 - Level 2.4 Fighting
 + Level 4.7 Long Blades
 - Level 1.2 Armour
 - Level 2.2 Dodging
 - Level 2.1 Spellcasting
 + Level 6.1 Charms


You had one spell level left.
You knew the following spells:

 Your Spells              Type           Power        Failure   Level  Hunger
a - Infusion              Chrm           ###.         2%          1    #......
b - Song of Slaying       Chrm           ###.....     3%          2    ###....
c - Shroud of Golubria    Chrm/Tloc      ##........   13%         2    ###....
d - Regeneration          Chrm/Necr      ##........   26%         3    ###....

Your spell library contained the following spells:

 Spells                   Type           Power        Failure   Level  Hunger
 Spectral Weapon          Hex/Chrm       ##......     26%         3    ###....


Dungeon Overview and Level Annotations

Branches:
Dungeon (2/15)

Altars:
Ashenzari
Nemelex Xobeh
Ru
Uskayaw


Innate Abilities, Weirdness & Mutations

Shadows flee at your approach. (+LOS)
You can swim through water.
You cover ground slowly.
You can hop short distances.


Message History

The scorpion is almost dead.
* * * LOW HITPOINT WARNING * * *
You feel sick. The scorpion stings you.
* * * LOW HITPOINT WARNING * * *
You closely miss the scorpion.
The scorpion is almost dead.
* * * LOW HITPOINT WARNING * * *
You feel sick. The scorpion barely misses you.
You feel better.
The scorpion stings you but does no damage.
You eat one of the 6 rations.
That ration really hit the spot!
The scorpion stings you.
* * * LOW HITPOINT WARNING * * *
You are poisoned.
The scorpion poisons you!
You feel sick. The scorpion stings you.
* * * LOW HITPOINT WARNING * * *
You are more poisoned.
The scorpion poisons you!
You die...

....# ..... #..
8.8.8. ....# .....
#.# ...... ....#
...... #.# ......
......# ......
#.#....!.# .######
.......#.#....)_#
.#
.......#.#....%.#
.# #...s.........
.# ###.#.........
.# # #@#.8.8.8. .#
#.#....... #.#
.....# #.# #.....
#.# .#).. #.# ....
#.# .... #.#
################.#


You could see a scorpion.

Vanquished Creatures
  A scorpion (D:4)
  A centaur skeleton (D:4)
  A hound skeleton (D:4)
  Robin (D:2)
  A howler monkey skeleton (D:4)
  6 adders (D:2)
  An ooze (D:2)
  2 worms (D:2)
  4 dart slugs
  2 leopard geckos
  4 bats
  A giant cockroach (D:4)
  11 goblins
  13 hobgoblins
  2 ball pythons
  A frilled lizard (D:1)
  4 kobolds (D:1)
  A leopard gecko skeleton (D:4)
  A quokka skeleton (D:4)
  A rat (D:1)
59 creatures vanquished.

Notes
Turn   | Place    | Note
-------+----------+-------------------------------------------
     0 | D:1      | brik the Barachi Skald began the quest for the Orb.
     0 | D:1      | Reached XP level 1. HP: 17/17 MP: 3/3
   336 | D:1      | Reached XP level 2. HP: 22/23 MP: 5/5
   383 | D:1      | Learned a level 2 spell: Song of Slaying
   386 | D:1      | Learned a level 2 spell: Shroud of Golubria
   748 | D:1      | Reached XP level 3. HP: 18/28 MP: 6/6
  1133 | D:2      | Reached skill level 4 in Charms
  1449 | D:2      | Reached XP level 4. HP: 24/34 MP: 7/7
  1834 | D:2      | Noticed Robin
  1874 | D:2      | HP: 1/34 [worm (7)]
  2229 | D:2      | Killed Robin
  2229 | D:2      | Reached skill level 5 in Charms
  2419 | D:2      | Reached XP level 5. HP: 39/39 MP: 8/8
  2427 | D:2      | Learned a level 3 spell: Regeneration
  2462 | D:2      | Found a shattered altar of Ashenzari.
  3013 | D:2      | You fall through a shaft for 2 floors!
  3192 | D:4      | Found a sacrificial altar of Ru.
  3194 | D:4      | Found a sparkling altar of Nemelex Xobeh.
  3236 | D:4      | Reached skill level 6 in Charms
  3243 | D:4      | Reached XP level 6. HP: 17/46 MP: 9/9
  3520 | D:4      | Found a hide-covered altar of Uskayaw.
  3544 | D:4      | HP: 2/46 [scorpion (4)]
  3545 | D:4      | Succumbed to a scorpion's poison

Skill      XL: |  1  2  3  4  5 |
---------------+----------------+-----
Long Blades    | 3 4 |  4.7
Charms         | 4 5 6 |  6.1
Fighting       | |  2.4
Armour         | |  1.2
Dodging        | |  2.2
Spellcasting   | |  2.1

Action                   |  1- 3 |  4- 6 || total
-------------------------+-------+-------++-------
Melee: Falchion          |    83 |   146 ||   229
 Cast: Infusion          |       |     4 ||     4
       Song of Slaying   |       |     1 ||     1
  Use: Scroll            |     1 |       ||     1
       Potion            |       |     3 ||     3
 Stab: Sleeping          |       |     1 ||     1
  Eat: Chunk             |     1 |     3 ||     4
       Ration            |       |     2 ||     2
Armor: Leather armour    |    28 |    43 ||    71
Dodge: Dodged            |    56 |    93 ||   149
       Rpst.: Falchion   |    17 |    30 ||    47
